 Dungeon Crawl Stone Soup version 0.18-a0-775-g4d9e04e (webtiles) character file.

149 Duffy the Caller (level 5, 0/35 HPs)
             Began as a Human Summoner on Dec 13, 2015.
             Slain by an adder (1 damage)
             ... on level 3 of the Dungeon.
             The game lasted 00:06:38 (4413 turns).

Duffy the Caller (Human Summoner)                   Turns: 4413, Time: 00:06:38

Health: 0/35       AC:  3    Str:  9    XL:     5   Next: 56%
Magic:  10/10      EV: 12    Int: 16    God:
Gold:   215        SH:  0    Dex: 13    Spells: 4 memorised, 0 levels left

rFire  . . .     SeeInvis .     z - +1 trident (vamp)
rCold  . . .     Clarity  .     a - +0 robe
rNeg   . . .     SustAt   .     (no shield)
rPois  .         Gourm    .     A - +0 helmet
rElec  .         Spirit   .     (no cloak)
rCorr  .         Dismiss  .     (no gloves)
rMut   .         Stasis   .     (no boots)
MR     .....                    (no amulet)
Stlth  ++........               (no ring)
                                (no ring)

@: lethally poisoned (0 -> -11), not resistant to hostile enchantments,
unstealthy
A: no striking features
a: no special abilities


You were on level 3 of the Dungeon.
You were not hungry.

You visited 1 branch of the dungeon, and saw 3 of its levels.

You collected 215 gold pieces.


   Skills:
 - Level 2.0 Dodging
 - Level 2.0 Stealth
 + Level 3.3 Spellcasting
 * Level 5.5 Summonings
 + Level 0.6 Ice Magic


You couldn't memorise any spells.
You knew the following spells:

 Your Spells              Type           Power        Failure   Level  Hunger
a - Summon Small Mammal   Summ           ###.         1%          1    None
i - Call Imp              Summ           ###.....     3%          2    ##.....
l - Summon Ice Beast      Ice/Summ       ##......     63%         4    ####...
n - Call Canine Familiar  Summ           ###.....     8%          3    ###....

Inventory:

Hand Weapons
 z - a +1 vampiric trident (weapon)
Missiles
 d - 178 stones (quivered)
 v - 20 sling bullets
Armour
 a - a +0 robe (worn)
 A - a +0 helmet (worn)
Jewellery
 q - an uncursed ring of ice {unknown}
 t - an uncursed ring of magical power {unknown}
 x - a cursed ring of loudness {unknown}
Wands
 B - a wand of fireball (4)
Scrolls
 f - 2 scrolls of amnesia {unknown}
 h - 4 scrolls of teleportation {unknown}
 k - 4 scrolls of noise {unknown}
 o - a scroll of identify {unknown}
 p - a scroll of recharging {unknown}
 w - 2 scrolls of remove curse {unknown}
 y - a scroll of blinking {unknown}
Potions
 e - a potion of brilliance {unknown}
 g - a potion of cancellation {unknown}
 i - a potion of heal wounds {unknown}
 j - a potion of lignification {unknown}
 l - a potion of haste {unknown}
 n - a potion of ambrosia {unknown}
 r - 2 potions of curing {unknown}
 s - a potion of cure mutation {unknown}
Books
 b - a book of Callings
Comestibles
 c - 3 bread rations
 m - 2 meat rations
 u - a chunk of flesh

Dungeon Overview and Level Annotations

Branches:
Dungeon (3/15)

Altars:
Nemelex Xobeh


Message History

You are too injured to fight recklessly!
You are too injured to fight recklessly!
You are too injured to fight recklessly!
You are too injured to fight recklessly!
You are too injured to fight recklessly!
You are too injured to fight recklessly!
You are too injured to fight recklessly!
You are too injured to fight recklessly!
You are too injured to fight recklessly!
You are too injured to fight recklessly!
You are too injured to fight recklessly!
You are too injured to fight recklessly!
You closely miss the adder.
The adder is heavily wounded.
You feel sick. The adder barely misses you. The adder bites you.
You hit the adder but do no damage.
The adder is heavily wounded.
The adder barely misses you.
You barely miss the adder.
The adder is heavily wounded.
You feel sick. The adder bites you.
You are lethally poisoned!
The adder poisons you! The adder bites you.
You barely miss the adder.
The adder is heavily wounded.
You feel sick. The adder closely misses you. The adder bites you.
You are more poisoned.
The adder poisons you!
You barely miss the adder.
The adder is heavily wounded.
You feel sick. The adder barely misses you.
You hit the adder.
You feel better.
The adder is heavily wounded.
You feel sick. The adder bites you.
You die...

#......# #.# #.# ##.)..##..
##.###.# #.# #.# ####.#### #.#
#.# #.# #.# #.# # ####.# #.#
#.####.# #.# # .....# #.#
#....#.# ######.# # ###..# #.#
#.#.#).# #......# # #..# #.#
#.#....####......# # #..# #.#
#.#))............# # #..# #.#
##..@######....[.# #
#..###.######.S## #....(.####
#.............#.## ###.##.....
##.#########.###)######........
......>## ##....).....####
####### ##.#########.#
#............# #.#############
##


You could see an adder.

Action                   |  1- 3 |  4- 6 || total
-------------------------+-------+-------++-------
Melee: Dagger            |   113 |    45 ||   158
       Trident           |       |    83 ||    83
 Fire: Hunting sling     |       |    50 ||    50
Throw: Stone             |     1 |     1 ||     2
 Cast: Summon Small Mamm |    17 |     8 ||    25
       Call Imp          |    13 |    10 ||    23
       Call Canine Famil |       |     2 ||     2
 Stab: Sleeping          |     1 |     4 ||     5
       Distracted        |     1 |     1 ||     2
  Eat: Chunk             |     4 |     8 ||    12
       Bread ration      |       |     1 ||     1
       Beef jerky        |       |     1 ||     1

Notes
Turn   | Place    | Note
--------------------------------------------------------------
     0 | D:1      | Duffy the Human Summoner began the quest for the Orb.
     0 | D:1      | Reached XP level 1. HP: 13/13 MP: 3/3
   144 | D:1      | Reached XP level 2. HP: 19/19 MP: 1/5
   850 | D:1      | Learned a level 2 spell: Call Imp
   941 | D:1      | Reached XP level 3. HP: 24/24 MP: 6/6
  1285 | D:1      | You fall through a shaft!
  1880 | D:2      | Noticed Ijyb
  1913 | D:2      | Killed Ijyb
  1913 | D:2      | Reached XP level 4. HP: 25/30 MP: 4/8
  1959 | D:2      | Learned a level 3 spell: Call Canine Familiar
  1999 | D:2      | Reached skill level 5 in Summonings
  3678 | D:3      | Reached skill level 3 in Spellcasting
  3678 | D:3      | Reached XP level 5. HP: 35/35 MP: 9/9
  3691 | D:3      | Learned a level 4 spell: Summon Ice Beast
  3696 | D:3      | Noticed Robin
  3713 | D:3      | Killed Robin
  3884 | D:3      | Found a sparkling altar of Nemelex Xobeh.
  4413 | D:3      | Slain by an adder

Vault maps used:
D:1:      minmay_arrival_floating_metal
D:2:      uniq_iyjb
D:3:      nemelex_xobeh_ov_fountains_minmay, uniq_robin

Vanquished Creatures
  Ijyb Robin
  A gnoll
  3 adders
  An ooze
  A worm
  3 giant geckos
  7 orcs
  5 giant cockroaches
  17 goblins
  17 hobgoblins
  A quokka
  12 bats
  4 giant newts
  6 kobolds
  8 rats
88 creatures vanquished.
